[Event "*** Titled Tuesday Blitz"]
[Site "Chess.com"]
[Date "2021.03.02"]
[Round "5"]
[White "GadimbayliA"]
[Black "PelinGorki"]
[Result "1/2-1/2"]
[WhiteElo "2803"]
[BlackElo "2548"]
[TimeControl "180+1"]
[EndTime "10:56:16 PST"]
[Termination "Game drawn by repetition"]

1. e4 d6 2. d4 Nf6 3. Nc3 c6 4. Nf3 Bg4 5. Be2 e6 6. O-O Be7 7. Be3 d5 8. e5 Nfd7 9. Nb1 c5 10. c3 Nc6 11. Nbd2 O-O 12. h3 Bh5 13. Nh2 Bg6 14.
f4 f6 15. Bg4 Bf7 16. Qe2 Qb6 17. Nb3 cxd4 18. cxd4 Rac8 19. Rad1 Nb4 20. Nc1 Rc2 21.
Rd2 Rfc8 22. a3 Rxc1 23. axb4 Bxb4 24. Rdd1 R1c2 25. Qd3 f5 26. Bf3 Nf8 27. Rf2 Rxf2 28.
Bxf2 Be8 29. g4 Ba4 30. Ra1 Bc2 31. Qe2 Be4 32. Bxe4 fxe4 33. f5 Be7 34. Be3 a6 35. Nf1 Qb3 36. Qf2 Rc2 37. Nd2 Qxb2 38. Rf1 Bb4 39. fxe6 Qa3 40. Qf7+ Kh8 41. Kh1 h6 42. Re1 Rxd2 43. Bxd2 Qxh3+ 44. Kg1 Qg3+ 45. Kf1 Qh3+ 46. Kf2 Qh2+ 47. Kf1 Qh1+ 48. Kf2 Qh4+ 49. Kf1 Qh3+ 50.
Kf2 Qh2+ 51. Kf1 Qh1+ 52. Kf2 Qh4+ 53. Kf1 Qh3+ 1/2-1/2

[Event "*** Titled Tuesday Blitz"]
[Site "Chess.com"]
[Date "2021.03.02"]
[Round "5"]
[White "BigAl"]
[Black "Margency"]
[Result "0-1"]
[WhiteElo "2526"]
[BlackElo "2696"]
[TimeControl "180+1"]
[EndTime "10:56:17 PST"]
[Termination "Margency won on time"]

1. Nf3 Nf6 2. g3 g6 3. Bg2 Bg7 4. O-O d5 5. d3 O-O 6. Nbd2 c5 7. e4 Nc6 8. c3 Qc7 9. Re1 Rd8 10. Qe2 b6 11.
exd5 Nxd5 12. Nc4 Bb7 13. h4 h6 14. h5 g5 15. Nxg5 hxg5 16. Bxg5 Nf6 17. h6 Bh8 18.
Rad1 Rd7 19. Ne3 Qe5 20. f4 Qe6 21. Qf2 Qxa2 22. Nc4 Qb3 23. Qe2 Rad8 24. Ne5 Nxe5 25. fxe5 Nh7 26. Bxb7 Rxb7 27. Bf4 Qe6 28. Qe4 Rbd7 29.
Re2 Nf8 30. Rh2 Ng6 31. h7+ Kf8 32. Bh6+ Ke8 33. Re1 Rxd3 34. Rhe2 Rxg3+ 35. Kf2 Rh3 36. Kg2 Rxh6 37. Rf2 Qh3+ 38. Kg1 Rxh7 39. Qc6+ Qd7 40.
Qf3 Nxe5 41. Qe4 Qh3 42. Rg2 Nf3+ 43. Kf2 Qh4+ 44. Kxf3 Qxe4+ 45. Rxe4 Rd6 46. Rg8+ Kd7 47. Ra8 Bf6 48. Rxa7+ Kc6 49. Ra8 Rd2 50. Rc8+ Kb7 51. Re8 Rh3+ 52. Kg4 Rhh2 53. b4 cxb4 54. cxb4 Rhe2 55.
Rf4 Rb2 56. Kh5 Rg2 57. Rf8 Rg5+ 58. Kh6 Rh2+ 0-1

[Event "*** Titled Tuesday Blitz"]
[Site "Chess.com"]
[Date "2021.03.02"]
[Round "5"]
[White "Brave_spirit12"]
[Black "anon102030"]
[Result "0-1"]
[WhiteElo "2517"]
[BlackElo "2705"]
[TimeControl "180+1"]
[EndTime "10:56:17 PST"]
[Termination "anon102030 won on time"]

1. e4 e5 2. Nf3 Nc6 3. Bc4 Bc5 4. c3 Nf6 5. d4 exd4 6. cxd4 Bb4+ 7. Bd2 Bxd2+ 8. Nbxd2 d5 9. exd5 Nxd5 10. O-O O-O 11.
Re1 Nb6 12. Bb3 Nxd4 13. Nxd4 Qxd4 14. Qf3 Bg4 15. Qg3 Qxd2 16. Qxg4 Rfe8 17. Red1 Qxb2 18. Qf3 Re7 19. Qxb7 Rae8 20. h3 a5 21. Rab1 Qe5 22.
Re1 Qxe1+ 23. Rxe1 Rxe1+ 24. Kh2 R1e7 25. Qc6 Rd8 26. h4 h5 27. Qb5 a4 28. Bxa4 Re4 29.
Bb3 Rxh4+ 30. Kg3 Rg4+ 31. Kh2 g6 32. f3 Rgd4 33. Qc6 Nd5 34. a4 Rd2 35. Bxd5 R8xd5 36. Qxc7 Rg5 37. Qc8+ Kh7 38. Qh3 Ra2 39. f4 Rg4 40. Qb3 Rgxg2+ 41. Kh1 Rh2+ 42. Kg1 Rhg2+ 43. Kh1 Rh2+ 44.
Kg1 Kg7 45. Qc3+ Kf8 46. Qc8+ Ke7 47. Qc7+ Ke6 48. Qe5+ Kd7 49. Qd5+ Kc8 50. a5 Rhd2 51. Qc6+ Kd8 52. Qb6+ Ke7 53. Qb4+ Kf6 54. Qc3+ Kf5 55. Qe5+ Kg4 56. Qg5+ Kf3 0-1

[Event "*** Titled Tuesday Blitz"]
[Site "Chess.com"]
[Date "2021.03.02"]
[Round "5"]
[White "Tekushka"]
[Black "jposthuma"]
[Result "0-1"]
[WhiteElo "2444"]
[BlackElo "2722"]
[TimeControl "180+1"]
[EndTime "10:56:18 PST"]
[Termination "jposthuma won by checkmate"]

1. e4 c6 2. d4 d5 3. Nc3 dxe4 4. Nxe4 Bf5 5. Ng3 Bg6 6. h4 h6 7. Nf3 e6 8. Ne5 Bh7 9. Bd3 Bxd3 10. Qxd3 Nd7 11.
Qe2 Be7 12. Nh5 g6 13. Ng7+ Kf8 14. Nxe6+ fxe6 15. Nxg6+ Kg7 16. Nxh8 Kxh8 17. Qxe6 Nf8 18. Qe4 Bf6 19. Be3 Qa5+ 20. c3 Bg7 21. g4 Nf6 22. Qf3 Nd5 23. Bd2 Re8+ 24. Kf1 Qb5+ 25. Kg2 Qxb2 26. Rad1 Ng6 27. Qf7 Re2 28. Qxg6 Rxd2 29. Qe8+ Kh7 30. Qe4+ Kh8 31. Qe8+ Kh7 32. Qe4+ Kg8 33.
Qe6+ Kf8 34. Qf5+ Bf6 35. Rde1 Re2 36. Qc8+ Kg7 37. Qd7+ Ne7 38. Rxe2 Qxe2 39. g5 hxg5 40. hxg5 Bxg5 41. Rf1 Qe4+ 42. f3 Qc2+ 43. Rf2 Qxc3 44.
Qxb7 Qxd4 45. Qc7 Bh4 46. Re2 Qc5 47. Qd7 Bf6 48. Qg4+ Kf7 49. Qh3 Qg5+ 50. Qg4 Qc1 51.
Qh5+ Kg7 52. Qg4+ Ng6 53. Qd7+ Kh6 54. Qh3+ Nh4+ 55. Kg3 Qg1+ 56. Kf4 Qg5+ 57. Ke4 Qe5+ 58. Kd3 Qc3+ 59. Ke4 Qd4# 0-1

[Event "*** Titled Tuesday Blitz"]
[Site "Chess.com"]
[Date "2021.03.02"]
[Round "5"]
[White "lacafi"]
[Black "RaphCamora"]
[Result "0-1"]
[WhiteElo "2168"]
[BlackElo "2356"]
[TimeControl "180+1"]
[EndTime "10:56:19 PST"]
[Termination "RaphCamora won on time"]

1. d4 d5 2. Nf3 Nf6 3. e3 c5 4. c3 Nc6 5. Nbd2 e6 6. Bd3 Bd6 7. Qe2 O-O 8. dxc5 Bxc5 9. e4 dxe4 10. Nxe4 Nxe4 11. Bxe4 h6 12. O-O Bd7 13. Bf4 Qe7 14. Rad1 Rfd8 15. b4 Bb6 16. Bd6 Qf6 17. b5 Na5 18. c4 Rac8 19. Ne5 Be8 20. Kh1 Kh8 21. f4 Bc5 22. Bxc5 Rxd1 23. Qxd1 Rxc5 24. Nd7 Bxd7 25. Qxd7 g6 26. Bxb7 Nxc4 27. Bc6 Ne3 28. Re1 Qxf4 29.
Qd8+ Kg7 30. Qd2 Re5 31. Rg1 Qg5 32. Qb2 f6 33. a4 Qh4 34. a5 Ng4 35. h3 Nf2+ 36.
Kh2 Qf4+ 37. g3 Qe3 38. Rg2 Nd3 39. Qd2 Qxd2 40. Rxd2 Nc5 41. b6 axb6 42. axb6 f5 43. b7 Nxb7 44. Bxb7 Re3 45. Bg2 Kf6 46. Rc2 Rd3 47.
Rc5 g5 48. Ra5 h5 49. Kg1 g4 50. hxg4 hxg4 51. Kh2 Rd2 52. Kg1 e5 53. Rb5 e4 54.
Kf1 e3 55. Rd5 Rf2+ 56. Kg1 Kg5 57. Rd4 Rd2 58. Rb4 Rd1+ 59. Bf1 e2 0-1

[Event "*** Titled Tuesday Blitz"]
[Site "Chess.com"]
[Date "2021.03.02"]
[Round "5"]
[White "BabyBoss31"]
[Black "carloseduar100"]
[Result "1-0"]
[WhiteElo "2336"]
[BlackElo "2096"]
[TimeControl "180+1"]
[EndTime "10:56:21 PST"]
[Termination "BabyBoss31 won by checkmate"]

1. d4 d5 2. Bf4 e6 3. e3 Bd6 4. Bg3 Bxg3 5. hxg3 Nf6 6. Nd2 h6 7. Bd3 c5 8. c3 Nc6 9. Ngf3 Qe7 10. Qc2 e5 11. dxe5 Nxe5 12. Nxe5 Qxe5 13. Nf3 Qe7 14. O-O Bd7 15. Bf5 Bc6 16. Rfe1 O-O 17. Rad1 Rad8 18. b3 Rfe8 19. a4 a6 20. a5 Qc7 21.
b4 Re7 22. Qb2 Rde8 23. Bd3 Ng4 24. Bf1 d4 25. cxd4 Bxf3 26. gxf3 Nxe3 27. fxe3 cxd4 28. f4 dxe3 29. Qh2 Qc4 30. Be2 Qxb4 31. Qg2 Qxa5 32.
Qf3 Qc5 33. Rb1 b5 34. Ra1 Qb6 35. Rac1 Re6 36. Qd5 R8e7 37. Qb3 g6 38. Kg2 Kg7 39. Bf3 h5 40. Re2 a5 41. Rb1 b4 42. Qa4 Rd6 43. Rbb2 Red7 44. Ra2 Rd2 45. Qxa5 Qxa5 46. Rxa5 Rxe2+ 47. Bxe2 Rd2 48. Kf3 b3 49. Rb5 b2 50. Kxe3 Rc2 51.
Kd3 Rc1 52. Rxb2 Rg1 53. Ke3 Rxg3+ 54. Bf3 h4 55. Rh2 h3 56. Kf2 Rxf3+ 57. Kxf3 f6 58. Rxh3 Kf7 59. Kg4 Ke6 60. Rh6 Kf7 61. Rh7+ Kg8 62.
Ra7 Kf8 63. f5 Kg8 64. fxg6 Kf8 65. Kf5 Kg8 66. Kxf6 Kf8 67. Ra8# 1-0

[Event "*** Titled Tuesday Blitz"]
[Site "Chess.com"]
[Date "2021.03.02"]
[Round "5"]
[White "SimplyDevina"]
[Black "LogoCzar"]
[Result "1-0"]
[WhiteElo "2189"]
[BlackElo "2340"]
[TimeControl "180+1"]
[EndTime "10:56:22 PST"]
[Termination "SimplyDevina won by checkmate"]

1. d4 d5 2. c4 c6 3. Nc3 Nf6 4. e3 e6 5. Nf3 Nbd7 6. Be2 dxc4 7. Bxc4 b5 8. Bd3 Bb7 9. O-O a6 10. a3 c5 11. Be2 cxd4 12. Nxd4 Be7 13. Bf3 Qc7 14. Bd2 O-O 15. Rc1 Bxf3 16. Qxf3 Ne5 17. Qg3 Qb8 18. f4 Nc4 19. Be1 Bc5 20. Nce2 Qb6 21.
b3 Nxa3 22. Qg5 Rfd8 23. Qxc5 Qxc5 24. Rxc5 Nd5 25. Bd2 b4 26. Rfc1 Nb5 27. Nxb5 axb5 28. Rxb5 Ra2 29. Rd1 Nc3 30. Bxc3 Rxd1+ 31. Kf2 h5 32.
Bxb4 Rb1 33. Rb8+ Kh7 34. Kf3 Rxb3 35. Bd6 Rxb8 36. Bxb8 Rb2 37. Be5 Rc2 38. Nd4 Rc1 39. Ne2 Rb1 40. Bd4 Rb7 41. g3 Rd7 42. h3 Kg6 43. g4 hxg4+ 44. hxg4 f5 45. g5 Rd5 46. Nc3 Ra5 47. Ke2 Ra1 48. Kd3 Rh1 49. Nb5 Rh7 50. Nc7 Kf7 51. g6+ Kxg6 52. Nxe6 Kf7 53. Ng5+ Kg6 54.
Nxh7 Kxh7 55. Kc4 Kg6 56. Kd5 Kf7 57. Ke5 g6 58. Bc5 Kg7 59. Ke6 Kh6 60. Be7 Kh5 61.
Bg5 Kg4 62. Kf6 Kh5 63. Kg7 Kg4 64. Kxg6 Kf3 65. Kxf5 Kxe3 66. Kg6 Kd4 67. f5 Kd5 68. Kf7 Ke5 69. f6 Kf5 70. Kg7 Kxg5 71. f7 Kf5 72.
f8=Q+ Ke6 73. Qf6+ Kd7 74. Kg6 Ke8 75. Kf5 Kd7 76.
Ke5 Ke8 77. Qg7 Kd8 78. Kd6 Kc8 79. Qc7# 1-0

[Event "*** Titled Tuesday Blitz"]
[Site "Chess.com"]
[Date "2021.03.02"]
[Round "5"]
[White "kleopl"]
[Black "elextranjero00"]
[Result "0-1"]
[WhiteElo "2486"]
[BlackElo "2653"]
[TimeControl "180+1"]
[EndTime "10:56:23 PST"]
[Termination "elextranjero00 won by resignation"]

1. c4 Nf6 2. Nc3 g6 3. e4 d6 4.
d4 Bg7 5. Nge2 a6 6. Ng3 c6 7.
Be2 Nbd7 8. Be3 b5 9. a3 Bb7 10. h3 h5 11. f3 Rc8 12. O-O O-O 13. Qd2 bxc4 14. Bxc4 c5 15. Be2 h4 16. Nh1 Nh5 17.
Rfd1 cxd4 18. Bxd4 Bxd4+ 19. Qxd4 Qb6 20. Na4 Qxd4+ 21.
Rxd4 Nf4 22. Bf1 Ne5 23. Nc3 a5 24. Nf2 Rc5 25. Rad1 Rfc8 26. R4d2 f5 27. Kh2 Kf7 28. Bd3 Kf6 29. Bb1 Nc4 30. Rc2 Ne3 31. Rcd2 Nxd1 32. Rxd1 Ba6 33. g3 hxg3+ 34. Kxg3 Ne2+ 35. Nxe2 Bxe2 36. Rd2 Rc1 37. Rxe2 Rxb1 38. Nd3 Rg1+ 39. Kh2 Rd1 40. Nf2 Rdc1 41. Kg3 R1c2 42. Re1 Rxb2 43. Nd3 Rb3 44. Nf4 fxe4 45. Rxe4 Rxa3 46. Re6+ Kf7 47. Rxg6 e5 48. Rxd6 exf4+ 49. Kxf4 Rc4+ 50. Kg3 Rcc3 51. Kg4 Rxf3 52. Ra6 Rxh3 53. Ra7+ Ke6 54. Kf4 Rh4+ 55. Kg5 Rb4 56. Ra6+ Kd5 57. Kf5 Kc4 58. Ke4 Kb5+ 0-1

[Event "*** Titled Tuesday Blitz"]
[Site "Chess.com"]
[Date "2021.03.02"]
[Round "5"]
[White "kingofthenil"]
[Black "KeithArkell"]
[Result "1/2-1/2"]
[WhiteElo "2834"]
[BlackElo "2611"]
[TimeControl "180+1"]
[EndTime "10:56:24 PST"]
[Termination "Game drawn by repetition"]

1. e4 c6 2. c4 d5 3. cxd5 cxd5 4. exd5 Nf6 5. Nc3 Nxd5 6. Nf3 Nxc3 7. bxc3 g6 8. d4 Bg7 9. Bd3 O-O 10. O-O Bg4 11.
h3 Bxf3 12. Qxf3 Nc6 13. Re1 e6 14. Rb1 Qd7 15. h4 Rac8 16. h5 Na5 17. h6 Bh8 18.
Ba3 Rfd8 19. Bb4 Nc4 20. Qe2 Qd5 21. Be4 Qd7 22. Bc5 Nd6 23. Bxd6 Qxd6 24. Rxb7 Rxc3 25. d5 Bd4 26. dxe6 Qxe6 27. Bxg6 hxg6 28. Qxe6 fxe6 29.
Rxe6 Rc1+ 30. Kh2 Rc5 31. Rxg6+ Kh8 32. g4 Rg8 33. Rxg8+ Kxg8 34. f4 Rc3 35. g5 Be3 36. h7+ Kh8 37. Rf7 Bxf4+ 38. Rxf4 Kxh7 39. Rf7+ Kg6 40. Rxa7 Kxg5 41. Kg2 Kf4 42. Kf2 Ke4 43. Ke2 Kd4 44. Kd2 Rh3 45. Kc2 Kc4 46. Ra4+ Kb5 47.
Rg4 Rf3 48. Rg2 Kc4 49. Kb2 Kb5 50. a3 Rh3 51. Ka2 Ka5 52. Rb2 Ka4 53. Rb4+ Ka5 54. Rf4 Kb5 55. Rf2 Ka4 56. Rf4+ Ka5 57. Rg4 Kb5 58. Rf4 Ka5 59. Rf1 Ka4 60. Rf4+ Ka5 1/2-1/2

[Event "*** Titled Tuesday Blitz"]
[Site "Chess.com"]
[Date "2021.03.02"]
[Round "5"]
[White "korkmaz16"]
[Black "GarciaIsaac"]
[Result "1-0"]
[WhiteElo "2411"]
[BlackElo "2561"]
[TimeControl "180+1"]
[EndTime "10:56:24 PST"]
[Termination "korkmaz16 won on time"]

1. e4 c5 2. Nf3 Nc6 3. d4 cxd4 4. Nxd4 Nf6 5. Nc3 e5 6. Ndb5 d6 7. Bg5 a6 8. Na3 b5 9. Nd5 Be7 10. Bxf6 Bxf6 11. c3 O-O 12. Nc2 Bg5 13. a4 bxa4 14. Rxa4 a5 15. Bc4 Rb8 16. Ra2 Kh8 17. Nce3 Bxe3 18.
Nxe3 Ne7 19. O-O f5 20. exf5 Nxf5 21. Nxf5 Bxf5 22. Qd2 Qb6 23. Rfa1 h6 24. h3 Rf6 25. Rxa5 Qxb2 26. Qe3 Rbf8 27. R5a2 Qb8 28. Bd5 Qb5 29. c4 Qb4 30. Ra8 Qc5 31. Qxc5 dxc5 32. R1a5 Rxa8 33.
Rxa8+ Kh7 34. Ra5 Rg6 35. h4 Rg4 36. g3 Rd4 37. Rxc5 e4 38. Rc7 Bg4 39. Re7 Bf3 40. Kh2 Rd1 41. g4 Rh1+ 42. Kg3 Rg1+ 43. Kf4 Rxg4+ 44.
Ke3 Rg1 45. c5 Re1+ 46. Kf4 Rc1 47. c6 Rc5 48. c7 Kg6 49. Bxe4+ Bxe4 50. Kxe4 Kf6 51.
Rd7 1-0

[Event "*** Titled Tuesday Blitz"]
[Site "Chess.com"]
[Date "2021.03.02"]
[Round "5"]
[White "esrosenberg"]
[Black "MelihKaanCan"]
[Result "0-1"]
[WhiteElo "2191"]
[BlackElo "2397"]
[TimeControl "180+1"]
[EndTime "10:56:24 PST"]
[Termination "MelihKaanCan won on time"]

1. Nf3 c5 2. e4 Nc6 3. Bb5 d6 4. Bxc6+ bxc6 5. h3 e5 6. O-O Nf6 7. d3 Be7 8. Re1 O-O 9. Nc3 h6 10. b3 Be6 11. a4 Nh7 12. Ne2 f5 13. exf5 Bxf5 14.
Ng3 Bg6 15. a5 Qd7 16. Ra4 Kh8 17. Rg4 Bf7 18. Nh4 g5 19. Nhf5 Be6 20. Nxh6 Bxg4 21.
hxg4 Rf6 22. Ngf5 Raf8 23. Bxg5 Rxf5 24. Bxe7 Rxf2 25. Bxf8 Rxf8 26. Nf5 Qe6 27. Re3 Ng5 28. Qe1 Qf6 29. Qh4+ Kg8 30. Qh5 Rf7 31. Kf2 Kf8 32.
Ke2 Rh7 33. Ng3 Rxh5 34. Nxh5 Qe6 35. Rg3 Kg8 36. Kd2 e4 37. Nf4 Qe5 38. Nh5 exd3 39. Rxd3 Qh2 40. Nf6+ Kg7 41. Ne8+ Kg6 42. Rxd6+ Kf7 43.
Rd8 Qxg2+ 44. Kc1 Ke7 45. Rb8 Qh1+ 46. Kb2 Ne4 47. Nc7 Kd7 48. Na6 Qg2 49. Rb7+ Ke6 50. Nc7+ Ke5 51. Rb8 Qd2 52. Re8+ Kf4 53. Ne6+ Kg3 54.
Rd8 Qc3+ 55. Kb1 Nd2+ 56. Kc1 Nxb3+ 57. Kb1 Nd4 58. Nxd4 cxd4 59. g5 Qe1+ 60. Kb2 Qb4+ 61. Kc1 Qxa5 62. Rxd4 Qxg5+ 0-1

[Event "*** Titled Tuesday Blitz"]
[Site "Chess.com"]
[Date "2021.03.02"]
[Round "5"]
[White "WonderChampion"]
[Black "chesslh19"]
[Result "1/2-1/2"]
[WhiteElo "2090"]
[BlackElo "2237"]
[TimeControl "180+1"]
[EndTime "10:56:25 PST"]
[Termination "Game drawn by repetition"]

1. d4 Nf6 2. Bg5 d5 3. Nf3 e6 4. e3 Be7 5. Bd3 O-O 6. O-O Nbd7 7. Re1 b6 8. c3 Bb7 9. Nbd2 c5 10. Ne5 Nxe5 11. dxe5 Ne4 12. Bxe7 Qxe7 13. Bxe4 dxe4 14. Qc2 Qg5 15. Nxe4 Qxe5 16. Ng3 Rad8 17. Rad1 Qf6 18. Ne4 Qg6 19. f3 Bxe4 20. Qxe4 Qxe4 21. fxe4 Rfe8 22.
Kf2 Kf8 23. Ke2 Ke7 24. g3 Rxd1 25. Rxd1 Rc8 26. e5 c4 27. Rd4 b5 28. Kf3 Rc6 29.
Ke4 f6 30. exf6+ gxf6 31. Kf3 Rc5 32. e4 Rh5 33. h4 Rc5 34. g4 Rc6 35. Ke3 Rc5 36.
Rd2 Rc6 37. Kf4 Ra6 38. a3 Rc6 39. Ke3 Rc8 40. Rd4 Rc6 41. Kf3 Rc8 42. Ke3 Rg8 43. Kf3 Rf8 44. Rd2 Rc8 45. Kf4 Rc5 46. Kf3 Rc7 47. Kf4 Rc6 48. Kf3 Rd6 49. Ke3 Rxd2 50. Kxd2 Kd6 51. Ke3 Ke5 52. Kf3 a6 53. Ke3 Kd6 54. Kf4 a5 55. g5 Ke7 56. gxf6+ Kxf6 57. e5+ Kg6 58. Kg4 h5+ 59. Kf4 Kh6 60. Ke4 Kg6 61. Kf4 Kh6 62. Ke4 Kg6 63. Kf4 1/2-1/2

[Event "*** Titled Tuesday Blitz"]
[Site "Chess.com"]
[Date "2021.03.02"]
[Round "5"]
[White "champ2005"]
[Black "AttackSparrow"]
[Result "1-0"]
[WhiteElo "2991"]
[BlackElo "2543"]
[TimeControl "180+1"]
[EndTime "10:56:26 PST"]
[Termination "champ2005 won by resignation"]

1. d4 Nf6 2. Bf4 g6 3. Nc3 d5 4. e3 Bg7 5. h4 a6 6. Nf3 c5 7.
Ne5 Nc6 8. Be2 h5 9. Qd2 Qa5 10. Nxc6 bxc6 11. Be5 O-O 12. f3 cxd4 13. exd4 Rd8 14.
Bd3 c5 15. O-O-O cxd4 16. Bxd4 Rb8 17. Be5 Be6 18. a3 Qb6 19. Na4 Qc6 20. Bxb8 Rxb8 21. Qa5 Bd7 22. Nc5 Ne4 23. Nb3 Nf2 24. Kb1 Nxh1 25.
Rxh1 Be6 26. Rd1 d4 27. Nc1 Qb7 28. b3 Ra8 29. Qb4 Qc7 30. Be4 Rb8 31. Qd2 a5 32. Bd3 a4 33. b4 Qc6 34. Re1 Qd5 35. g4 hxg4 36. fxg4 Bxg4 37. Rxe7 Bf8 38. Re4 Bf5 39. Re1 Be6 40. h5 Qxh5 41. Rxe6 fxe6 42. Bc4 Qf5 43. Nd3 Qf6 44. Qe2 Re8 45. Qe4 Bg7 46. Qc6 Qf1+ 47.
Ka2 Qf6 48. Qxe8+ Kh7 49. Qxe6 Qf3 50. Qg8+ Kh6 51. Qd5 Qf1 52. Qe4 Qd1 53. Qf4+ Kh7 54. Qh2+ Bh6 55. b5 Qf1 56. b6 Qf6 57. Qc7+ Bg7 58. b7 Qf2 59. Nxf2 Kh6 60. b8=Q 1-0

[Event "*** Titled Tuesday Blitz"]
[Site "Chess.com"]
[Date "2021.03.02"]
[Round "5"]
[White "Aygehovit1992"]
[Black "Duhless"]
[Result "1/2-1/2"]
[WhiteElo "2634"]
[BlackElo "3060"]
[TimeControl "180+1"]
[EndTime "10:56:27 PST"]
[Termination "Game drawn by repetition"]

1. e4 c5 2. Nf3 d6 3. Bb5+ Bd7 4.
a4 Nf6 5. Nc3 Nc6 6. O-O g6 7.
Bxc6 Bxc6 8. e5 dxe5 9. Nxe5 Rc8 10. d3 Bg7 11. Bg5 O-O 12. Qd2 Re8 13. Rfe1 h5 14.
a5 Nd5 15. Nxc6 Rxc6 16. Nxd5 Qxd5 17. Bxe7 c4 18. Ba3 Rxe1+ 19. Rxe1 c3 20. Re8+ Kh7 21. bxc3 Bxc3 22. Qf4 Rf6 23. Qb8 Re6 24. Rxe6 Qxe6 25. g3 h4 26. gxh4 Bxa5 27. Qxb7 Qg4+ 28. Kf1 Qd1+ 29.
Kg2 Qg4+ 30. Kf1 Qh3+ 31. Ke2 Qe6+ 32. Kf1 Bb6 33. Bc1 Qh3+ 34. Ke2 Qg4+ 35. Ke1 Qg1+ 36. Kd2 Qxf2+ 37. Kc3 Qc5+ 38. Kb3 Qb5+ 39. Ka2 Qa4+ 40. Kb1 Qb4+ 41. Bb2 Qe1+ 42. Ka2 Qe6+ 43. Kb1 Kh6 44. Qf3 f5 45. Bc1+ Kh7 46. h5 gxh5 47. Qxh5+ Kg8 48. Qg5+ Kf7 49. Qf4 Ke8 50. Qf3 Kd7 51. Qb7+ Ke8 52. Ba3 Qe1+ 53. Ka2 Qe6+ 54. Kb1 Qe1+ 55. Bc1 Qe6 56.
Qb8+ Kf7 57. Qf4 Kg6 58. Qg3+ Kf7 59. Qf4 1/2-1/2

[Event "*** Titled Tuesday Blitz"]
[Site "Chess.com"]
[Date "2021.03.02"]
[Round "5"]
[White "seorobert1971"]
[Black "Yaryi_sergey"]
[Result "1-0"]
[WhiteElo "2649"]
[BlackElo "2485"]
[TimeControl "180+1"]
[EndTime "10:56:27 PST"]
[Termination "seorobert1971 won on time"]

1. e4 c6 2. Nc3 g6 3. d4 Bg7 4. Be3 d5 5. Qd2 h5 6. f3 Nf6 7. h3 h4 8. Nge2 b5 9. e5 Ng8 10. Nc1 Nh6 11. Bd3 Nf5 12. Bxf5 Bxf5 13. Nd3 Nd7 14. O-O-O a5 15. Kb1 a4 16. Rhe1 Qb6 17. a3 Nf8 18. Na2 Ne6 19. Nab4 O-O-O 20. Qc3 Kb7 21. Nc5+ Nxc5 22. dxc5 Qc7 23. Bd4 e6 24. Ka1 Ra8 25. Rd2 Rh5 26. Rde2 Qa5 27. Qd2 Bh6 28. Be3 Bf8 29. Qd4 Be7 30. Bf2 Rah8 31. c3 Qc7 32. Nc2 Bf8 33. Ne3 Bg7 34. Ng4 g5 35. Nf6 Bxf6 36. exf6 Qf4 37. Qd1 Qc4 38. Bd4 Qb3 39. Qd2 Rg8 40. Be5 Qc4 41. Bh2 Qd3 42. Qc1 Qc4 43.
Bd6 Ra8 44. Re5 Bg6 45. Rxg5 Rxg5 46. Qxg5 d4 47. Qxh4 dxc3 48. Qxc4 cxb2+ 49. Kxb2 bxc4 50. Kc3 Bd3 51. Rd1 Rg8 52. Rd2 Rg6 53. Be5 Rg8 54. Rb2+ Ka6 55. Rb6+ Ka5 56. Bc7 Rc8 57. Bf4 Rg8 58.
g4 Rd8 59. Bc7 Rc8 60. Bg3 Re8 61. Be1 1-0

[Event "*** Titled Tuesday Blitz"]
[Site "Chess.com"]
[Date "2021.03.02"]
[Round "5"]
[White "Grandmaster1369"]
[Black "SamuelGhimpu2003"]
[Result "0-1"]
[WhiteElo "2423"]
[BlackElo "2641"]
[TimeControl "180+1"]
[EndTime "10:56:27 PST"]
[Termination "SamuelGhimpu2003 won by checkmate"]

1. e4 e6 2. d3 d5 3. Qe2 dxe4 4. dxe4 Nc6 5. c3 e5 6. Nf3 Nf6 7. g3 a5 8. Bg2 Bc5 9. O-O O-O 10. Rd1 Qe7 11.
Nbd2 b6 12. Nf1 Ba6 13. Qe1 Ng4 14. Ne3 Bxe3 15. Bxe3 Nxe3 16. Qxe3 Rad8 17. Rd5 Bc4 18. Rxd8 Rxd8 19. b3 Be6 20. h3 Qd6 21. Ng5 Qd3 22.
Nxe6 Qxe3 23. fxe3 fxe6 24. Bf1 Kf7 25. Bc4 Rd2 26. Rf1+ Ke7 27. Rf2 Rd1+ 28. Rf1 Rd8 29. a4 Nb8 30. Rf2 Nd7 31. b4 Nf6 32. bxa5 bxa5 33.
Rb2 c6 34. Rb7+ Rd7 35. Rb6 Kd6 36. Bb5 Rc7 37. Bd3 Nd7 38. Rb1 Nc5 39. Bc2 Rb7 40.
Rd1+ Ke7 41. Rd2 Rb2 42. Rf2 Ra2 43. Bd1 Rxf2 44. Kxf2 Nxe4+ 45. Kf3 Nxc3 46. Bc2 h6 47. h4 c5 48. e4 c4 49. Ke3 Kd6 50. Kd2 Na2 51.
Bd1 Kc5 52. Bg4 c3+ 53. Kc2 Kd4 54. Bxe6 Nb4+ 55. Kc1 Kxe4 56. g4 Kf3 57. g5 hxg5 58. hxg5 e4 59. Kd1 e3 60. Bd7 e2+ 61. Ke1 c2 62. Bc6+ Ke3 63. Be4 c1=Q# 0-1

[Event "*** Titled Tuesday Blitz"]
[Site "Chess.com"]
[Date "2021.03.02"]
[Round "5"]
[White "DFeco"]
[Black "redblizzard"]
[Result "1/2-1/2"]
[WhiteElo "2261"]
[BlackElo "2441"]
[TimeControl "180+1"]
[EndTime "10:56:28 PST"]
[Termination "Game drawn - insufficient material"]

1. c4 Nf6 2. g3 g6 3. Bg2 Bg7 4. Nc3 O-O 5. e4 d6 6. Nge2 Nbd7 7. O-O e5 8. d3 Re8 9. h3 Nc5 10. Be3 c6 11. Kh2 h5 12. Qd2 Be6 13. f4 exf4 14. gxf4 Bc8 15. b4 Ne6 16. f5 Nf8 17. Bh6 d5 18.
cxd5 cxd5 19. Bxg7 Kxg7 20. Qf4 dxe4 21. dxe4 Qe7 22. a3 Qe5 23. Qxe5 Rxe5 24. Nd4 N8d7 25.
Rae1 Re7 26. Nf3 Ne5 27. Nxe5 Rxe5 28. fxg6 fxg6 29. Nd5 Nxd5 30. exd5 Rxe1 31. Rxe1 Kf6 32. Rf1+ Bf5 33. Rc1 Rc8 34. Rd1 Rc2 35. Kg1 Ke7 36. d6+ Kd7 37. Bxb7 Bxh3 38. b5 Bg4 39. Bc6+ Kd8 40.
Re1 Re2 41. Rf1 Bf5 42. Rc1 Rd2 43. Re1 Rxd6 44. Re8+ Kc7 45. a4 Bd7 46. Re7 Kd8 47. Rg7 Bxc6 48. bxc6 Rxc6 49. Rxa7 Rc4 50. Kg2 Rg4+ 51.
Kh3 Kc8 52. Ra6 Kb7 53. Ra5 Kb6 54. Ra8 Kb7 55. Ra5 Kc6 56. Ra8 Kd5 57. a5 Kc6 58.
a6 Kb6 59. Kh2 h4 60. Kh3 Ra4 61. Rg8 Kxa6 62. Rxg6+ Kb5 63. Rg4 Ra3+ 64. Kxh4 Kc6 65. Rg5 Ra6 66. Kg4 Kc7 67. Rg7+ Kb6 68. Rg6+ Ka7 69.
Rxa6+ Kxa6 1/2-1/2

[Event "*** Titled Tuesday Blitz"]
[Site "Chess.com"]
[Date "2021.03.02"]
[Round "5"]
[White "Murad_Ibrahimli"]
[Black "mishanick"]
[Result "1/2-1/2"]
[WhiteElo "2865"]
[BlackElo "3016"]
[TimeControl "180+1"]
[EndTime "10:56:30 PST"]
[Termination "Game drawn - insufficient material"]

1. d4 Nf6 2. c4 e6 3. Nf3 d5 4. Nc3 c5 5. cxd5 cxd4 6. Qxd4 exd5 7. e4 dxe4 8. Qxd8+ Kxd8 9. Ng5 Be6 10. Bb5 Bb4 11. Bd2 Ke7 12. a3 Ba5 13. O-O Rd8 14. Be3 Bb6 15. Bxb6 axb6 16. Ngxe4 Nxe4 17. Nxe4 Nc6 18. Ng5 Bf5 19. Rfe1+ Kf8 20. Bc4 Bg6 21. h4 Nd4 22.
Rad1 Rac8 23. Ba2 h6 24. Nh3 Bh5 25. f3 Bxf3 26. Rd2 Bg4 27. Rf2 Rc7 28. Nf4 Kg8 29. Ng6 Be6 30. Bxe6 Nxe6 31. Ne5 Nc5 32. Rc1 Re7 33. Nc4 b5 34. Na5 Nd3 35. Rd1 Red7 36. Rfd2 Kf8 37. Nxb7 Rxb7 38. Rxd3 Re8 39. Rd8 Rc7 40.
Rxe8+ Kxe8 41. Rd2 Rc4 42. g3 b4 43. axb4 Rxb4 44.
Kg2 Ke7 45. Re2+ Kf6 46. Rf2+ Kg6 47. Kh3 h5 48. Kg2 f6 49. Rc2 Kf5 50. Rf2+ Kg4 51. Re2 Rc4 52. Rd2 Re4 53. Rf2 Rb4 54. Rd2 g5 55.
hxg5 fxg5 56. Rc2 Rd4 57. Re2 Rc4 58. Rd2 Rb4 59. Rc2 Ra4 60. b3 Rb4 61. Rc4+ Rxc4 62. bxc4 Kf5 63. Kf3 Ke5 64. Ke3 Kd6 65. Ke4 h4 66.
gxh4 gxh4 67. Kf4 Kc5 68. Kg4 Kxc4 69. Kxh4 1/2-1/2

[Event "*** Titled Tuesday Blitz"]
[Site "Chess.com"]
[Date "2021.03.02"]
[Round "5"]
[White "Loy_Konstantin"]
[Black "XxPetroffsxX"]
[Result "1-0"]
[WhiteElo "2351"]
[BlackElo "2149"]
[TimeControl "180+1"]
[EndTime "10:56:31 PST"]
[Termination "Loy_Konstantin won on time"]

1. e4 e5 2. Nf3 Nc6 3. Bc4 Be7 4. d4 d6 5. dxe5 dxe5 6. Qxd8+ Bxd8 7. Bb5 f6 8. Nc3 Bd7 9. Bxc6 Bxc6 10. Be3 Ne7 11.
O-O-O O-O 12. Nd5 Nxd5 13. exd5 Bd7 14. h3 Be7 15. Nd2 b5 16. Nb3 Bd6 17. Nc5 Bc8 18.
Ne4 Bb7 19. Bc5 Rfd8 20. Nxd6 cxd6 21. Ba3 Kf7 22. c3 a5 23. Kb1 Rac8 24. Rd2 Rc4 25. Rc1 Ke7 26. b3 Rc7 27. c4 b4 28. Bb2 Bc8 29.
Re1 Bf5+ 30. Kc1 a4 31. g4 Bg6 32. f4 axb3 33. axb3 Ra8 34. Rf2 Ra2 35. fxe5 fxe5 36. Rd2 Ra8 37. Bxe5 dxe5 38. d6+ Kd7 39. dxc7+ Kxc7 40. Rxe5 Ra1+ 41. Kb2 Rb1+ 42. Ka2 Rc1 43. Re7+ Kc6 44.
Rxg7 Rh1 45. Re7 Rxh3 46. Re6+ Kc7 47. Re5 Rg3 48. g5 Rg1 49. Rc5+ Kb6 50. Rb5+ Kc6 51. Rxb4 Bb1+ 52. Kb2 Bg6 53. Rb5 Rg3 54. Rbd5 Be4 55.
R5d4 Bh1 56. b4 Rxg5 57. Rd6+ 1-0